Cogmind - Beta 14 @@@ ROGUE MODE // 2024.08.14 @ 17:40:56 Player: f3-rnm Result: Destroyed by G-73 Enforcer with Phase Gun Performance ------------- Evolutions (8) 4000 Regions Visited (20) 4000 Robots Destroyed (122) 610 Value Destroyed (5181) 5181 Prototype IDs (32) 640 Alien Tech Used (0) 0 Bonus (3846) 3846 TOTAL SCORE: 18277 Bonus ------- High Alert Combat Kills 763 Follower Combat Kills 2877 Registered with UFD 300 Met R17 at Cetus 500 Friendly Fire -594 Cogmind --------- Core Integrity 0/1450 Matter 119/300 Energy 99/100 System Corruption 0% Temperature Cool (9) Movement Core (50) Location -2/Research Parts ------- > --- POWER (2) -------- (None) > --- PROPULSION (8) --- (None) > --- UTILITY (11) ----- Advanced Target Analyzer > --- WEAPON (2) ------- (None) > --- INVENTORY (5) ---- Combat Linear Gravjet Experimental EM Disruption Field Experimental Force Field Linear Accelerator Improved Plasma Cutter Peak State ------------ > --- POWER ------------ Heavy Antimatter Reactor Heavy Antimatter Reactor > --- PROPULSION ------- Improved Antigrav System Improved Antigrav System Combat Linear Gravjet Combat Linear Gravjet Combat Linear Gravjet Combat Linear Gravjet Combat Linear Gravjet Combat Linear Gravjet > --- UTILITY ---------- Advanced Heat Sink Advanced Heat Sink Advanced Cooling System Small Battery Small Battery Advanced Energy Well Advanced Target Analyzer Core Analyzer Advanced Particle Charger > --- WEAPON ----------- Enhanced Nova Cannon Tesla Bomb Launcher > --- INVENTORY -------- Heavy Antimatter Reactor Combat Linear Gravjet Experimental EM Disruption Field Tesla Bomb Launcher Improved Plasma Cutter [Rating: 147] Favorites ----------- Power Light Nuclear Core Engine Backup Power III Power Core Light Nuclear Core Reactor Light Antimatter Reactor Propulsion Flexi-carbon Leg Treads Light Treads Leg Flexi-carbon Leg Wheel Subdweller Monowheel Hover Unit Combat Linear Gravjet Flight Unit Field Propulsion Array Utility Small Storage Unit Device Advanced Heat Sink Storage Small Storage Unit Processor Enhanced Optical Array Hackware Improved Hacking Suite Protection Core Shielding Weapon Battle Cannon Energy Gun Advanced Plasma Rifle Energy Cannon Advanced Plasma Cannon Ballistic Gun Light Assault Rifle Ballistic Cannon Battle Cannon Launcher Heavy Rocket Launcher Special Weapon Multitool Piercing Weapon Heavy Pick Build | -11 -10 -10 -10 -7 -7 -5 -5 -5 -5 -5 -5 -5 -4 -4 -4 -4 -4 -3 -3 -2 ------- Run | Yrd Mat Min Sub Rec Scr Fac Was Fac Ext Cet Arc Hub Fac Was Fac Upp Upp Res Arm Res Slots Evolved 16 | . . . . . . 10 . . . . . . 2 . . . . 2 . 2 Power 1 | . . . . . . 1 . . . . . . . . . . . . . . Propulsion 6 | . . . . . . 5 . . . . . . . . . . . 1 . . Utility 9 | . . . . . . 4 . . . . . . 2 . . . . 1 . 2 Weapon . | . . . . . . . . . . . . . . . . . . . . . Parts Attached 239 | 6 2 3 7 5 10 30 10 12 23 10 6 17 20 2 14 7 . 6 40 9 Power 28 | 1 . . 1 1 1 3 . . 6 2 . 1 4 . . . . . 6 2 Engine 5 | 1 . . . 1 1 2 . . . . . . . . . . . . . . Core 7 | . . . 1 . . 1 . . 4 . . . 1 . . . . . . . Reactor 16 | . . . . . . . . . 2 2 . 1 3 . . . . . 6 2 Propulsion 67 | 2 . . 2 1 1 9 4 5 3 1 . 8 8 2 1 2 . 2 14 2 Treads 12 | 2 . . . . . 2 3 . . . . . . . . . . 1 4 . Leg 19 | . . . . . 1 . . 4 3 1 . 4 1 2 1 1 . . 1 . Wheel 10 | . . . 2 1 . 2 . . . . . 2 2 . . 1 . . . . Hover 24 | . . . . . . 5 1 1 . . . 2 5 . . . . . 9 1 Flight 2 | . . . . . . . . . . . . . . . . . . 1 . 1 Utility 85 | 1 2 . . . 5 14 4 4 10 3 6 5 6 . 8 4 . . 11 2 Device 41 | . . . . . 2 8 2 . 4 1 5 1 5 . 4 2 . . 5 2 Storage 7 | 1 . . . . 1 . . 1 . . . . 1 . . . . . 3 . Processor 8 | . . . . . . 3 . 1 . . . . . . 2 1 . . 1 . Hackware 5 | . . . . . . 1 . 1 1 . 1 . . . 1 . . . . . Protection 24 | . 2 . . . 2 2 2 1 5 2 . 4 . . 1 1 . . 2 . Artifact . | . . . . . . . . . . . . . . . . . . . . . Weapon 59 | 2 . 3 4 3 3 4 2 3 4 4 . 3 2 . 5 1 . 4 9 3 Energy Gun 3 | . . . . . . . . . . 1 . . . . 1 1 . . . . Energy Cannon 13 | . . . 1 . . . . . . . . . . . 2 . . 4 5 1 Ballistic Gun 18 | 2 . . 2 1 . . 2 2 1 2 . 3 2 . 1 . . . . . Ballistic Cannon 15 | . . 3 1 1 . 3 . 1 3 1 . . . . . . . . . 2 Launcher 6 | . . . . 1 1 . . . . . . . . . . . . . 4 . Special Weapon 3 | . . . . . 2 . . . . . . . . . 1 . . . . . Impact Weapon . | . . . . . . . . . . . . . . . . . . . . . Slashing Weapon . | . . . . . . . . . . . . . . . . . . . . . Piercing Weapon 1 | . . . . . . 1 . . . . . . . . . . . . . . Special Melee Weapon . | . . . . . . . . . . . . . . . . . . . . . Unidentified Prototypes 14 | . . . . . . . 1 1 . 4 . 1 1 . 3 . . . 2 1 Corrupted Parts 4 | . . . . . . . . . . 1 . . . . . . . . 3 . System Corruption 31 | . . . . . . . . . . 1 . . . . . . . . 30 . Parts Lost 96 | . . . 5 1 . 6 6 1 9 3 . 15 11 . 4 . . 9 13 13 Power 14 | . . . . . . 1 . 1 3 . . 2 2 . . . . . 2 3 Propulsion 34 | . . . 3 . . 2 4 . 1 1 . 5 4 . . . . 4 4 6 Utility 35 | . . . . . . 3 2 . 3 2 . 3 5 . 4 . . 5 5 3 Weapon 13 | . . . 2 1 . . . . 2 . . 5 . . . . . . 2 1 Highest Loss Streak 12 | . . . 2 1 . 4 6 1 5 2 . 6 6 . 2 . . 5 12 10 To Critical Strikes 4 | . . . . . . . . . 2 1 . 1 . . . . . . . . Average Slot Usage (%) 63 | . 98 100 91 79 36 58 55 63 74 74 74 71 69 8 39 38 47 27 54 16 Engine 4 | . 14 14 3 13 5 2 8 10 1 . . . . . . . . . . . Core 2 | . . . 10 . . 1 . . 6 . . . 1 . . . . . . . Reactor 1 | . . . . . . . . . 2 10 11 10 5 . . . . . 6 2 Treads 5 | . 28 28 13 . . 1 6 2 . . . . . . . . . . 8 . Leg 4 | . . . . . 2 3 . 10 15 16 17 11 11 3 9 8 10 3 1 . Wheel 2 | . . . 7 8 1 3 . . . . . 2 1 5 . 2 5 2 . . Hover 1 | . . . . . . 5 10 . . . . . 12 . . . . . 8 4 Device 5 | . . . . . 7 11 3 3 3 6 7 6 15 . 12 6 10 4 8 2 Storage 6 | . 14 14 14 14 3 5 . 1 5 5 5 5 4 . . . . . 5 . Processor 1 | . . . . . . 2 . 4 5 5 4 . . . 4 12 15 9 5 4 Hackware 2 | . . . . . . 4 5 10 11 6 5 6 4 . . 5 5 2 . . Protection 6 | . 12 14 14 14 2 3 5 3 6 7 6 13 4 . 2 . . . 1 . Ballistic Gun 5 | . 28 15 8 15 . . 6 9 2 3 11 10 6 . . . . . . . Ballistic Cannon 5 | . . 12 17 8 1 7 . 1 8 7 . . . . . . . . . . Launcher 1 | . . . . 4 5 . . . . . . . . . . . . . 2 . Special Weapon 1 | . . . . . 6 . . . . . . . . . . . . . . . Peak Build Rating 147 | 6 7 9 12 15 23 82 98 95 102 108 104 101 115 52 96 73 70 76 147 97 Average Rating 39 | 4 6 7 11 12 10 45 59 81 94 100 100 84 82 35 76 61 70 42 88 35 On Entrance 48 | . 6 7 9 12 15 17 62 95 80 95 104 100 59 11 52 46 70 70 23 90 Naked Turns 68 | . . . . . 64 . . . . . . . 4 . . . . . . . Heaviest Build 88 | 13 16 17 22 30 30 50 59 59 85 85 79 81 75 . 25 6 2 11 88 38 Greatest Support 215 | 40 40 40 40 16 20 100 215 215 120 120 90 90 100 90 115 20 3 15 173 70 Greatest Overweight (x) 8 | . . . 4 8 7 4 1 . . . . 8 6 . 1 1 . 3 2 2 Average Overweight (x) . | . . . 1 2 2 . . . . . . 1 . . . . . . . . Largest Inventory Capacity 15 | 8 8 8 8 8 15 15 15 15 15 15 15 15 15 5 5 5 5 5 5 5 Average Capacity 9 | 7 8 8 8 8 6 15 5 8 15 15 15 15 14 5 5 5 5 5 5 5 Most Carried 15 | 3 8 8 8 8 15 15 15 11 15 15 15 15 15 4 5 5 4 5 5 5 Average Carried 8 | 1 5 7 7 7 5 14 5 6 14 14 14 14 13 4 4 4 4 4 4 4 Final Capacity 15 | 8 8 8 8 8 15 15 5 15 15 15 15 15 5 5 5 5 5 5 5 5 Final Carried 15 | 3 8 8 8 8 15 15 5 11 15 15 15 14 4 4 5 4 4 5 5 5 Class Distribution -------------------- 71% | Mutant 16% | Scavenger-Mutant 7% | Hacker-Mutant 3% | Commander-Mutant Dominant Class ---------------- Mutant | -10/Materials Mutant | -10/Mines Mutant | -10/Subcaves Mutant | -7/Recycling Mutant | -7/Scraptown Scavenger-Mutant | -5/Factory Mutant | -5/Waste Hacker-Mutant | -5/Factory Hacker-Mutant | -5/Extension Scavenger-Mutant | -5/Cetus Scavenger-Mutant | -5/Archives Scavenger-Mutant | -5/Hub_04(d) Scavenger-Mutant | -4/Factory Mutant | -4/Waste Mutant | -4/Factory Mutant | -4/Upper Caves Mutant | -4/Upper Caves Mutant | -3/Research Scavenger-Mutant | -3/Armory Mutant | -2/Research Resources | -11 -10 -10 -10 -7 -7 -5 -5 -5 -5 -5 -5 -5 -4 -4 -4 -4 -4 -3 -3 -2 ----------- Run | Yrd Mat Min Sub Rec Scr Fac Was Fac Ext Cet Arc Hub Fac Was Fac Upp Upp Res Arm Res Matter Collected 6266 | 211 145 39 455 144 281 598 103 68 1423 449 400 794 277 . 218 163 . 42 448 8 Remotely 291 | . . . . . . . . . 265 . . . . . . 26 . . . . Salvage Created 5613 | . 223 37 289 170 . 594 . 46 969 314 489 1225 277 . 96 . . 68 816 . Parts 297 | . 13 5 25 2 . 38 . 3 41 12 25 76 13 . 6 . . 6 32 . Haulers Intercepted 3 | . 1 . . . . . . . 2 . . . . . . . . . . . Recyclers Shooed 4 | . . . . 1 . 2 . . . . . 1 . . . . . . . . Parts Field Recycled . | . . . . . . . . . . . . . . . . . . . . . Retrieved Matter . | . . . . . . . . . . . . . . . . . . . . . Parts Self-Destructed 23 | . . . 23 . . . . . . . . . . . . . . . . . Prevented . | . . . . . . . . . . . . . . . . . . . . . Kills | -11 -10 -10 -10 -7 -7 -5 -5 -5 -5 -5 -5 -5 -4 -4 -4 -4 -4 -3 -3 -2 ------- Run | Yrd Mat Min Sub Rec Scr Fac Was Fac Ext Cet Arc Hub Fac Was Fac Upp Upp Res Arm Res Combat Hostiles Destroyed 83 | . 4 . 15 2 . 6 . 1 9 5 4 15 9 . 1 . . 1 11 . Melee 3 | . . . . . . 2 . . 1 . . . . . . . . . . . Guns 38 | . 4 . 1 1 . . . 1 3 . 4 15 9 . . . . . . . Cannons 32 | . . . 14 1 . 4 . . 5 5 . . . . . . . 1 2 . AOE 4 | . . . . . . . . . . . . . . . . . . . 4 . Classes Destroyed 18 | . 4 1 1 2 . 3 . . 6 . . . . . . . . . 1 . Worker 9 | . 1 2 . . . 3 . . 3 . . . . . . . . . . . Builder 7 | . . . . . . 2 . . 1 . . 4 . . . . . . . . Tunneler 3 | . . 1 . . . . . . 1 . . . . . 1 . . . . . Hauler 3 | . 1 . . . . . . . 2 . . . . . . . . . . . Recycler 7 | . . . . 1 . 3 . . 2 . . 1 . . . . . . . . Operator 5 | . . . . . . . . . 1 . 4 . . . . . . . . . Watcher 4 | . . . . . . 2 . . . 1 . 1 . . . . . . . . Swarmer 18 | . 1 . 9 . . . . . . . . . 8 . . . . . . . Saboteur 1 | . . . . . . . . . 1 . . . . . . . . . . . Grunt 19 | . 3 . . . . 3 . 1 2 . . 5 . . . . . . 5 . Sentry 15 | . . . . 2 . 1 . . 2 . 4 4 1 . 1 . . . . . Demolisher 1 | . . . . . . . . . . . . . . . . . . . 1 . Specialist 2 | . . . . . . . . . 1 . . . . . . . . . 1 . Hunter 8 | . . . . . . . . . 1 . . 5 . . . . . . 2 . Programmer 6 | . . . . . . 2 . . . . . 1 . . . . . 1 2 . Behemoth 1 | . . . . . . . . . 1 . . . . . . . . . . . Cetus Guard 5 | . . . . . . . . . . 5 . . . . . . . . . . Subdweller 6 | . . . 6 . . . . . . . . . . . . . . . . . Thug 1 | . . . . . . . . . 1 . . . . . . . . . . . Butcher 1 | . . . . . . . . . 1 . . . . . . . . . . . Best Kill Streak 5 | . 2 2 4 1 . 4 . 1 5 4 3 5 5 . 1 . . 1 4 . Combat Bots Only 5 | . 2 . 4 1 . 2 . 1 2 3 2 3 5 . 1 . . 1 4 . Max Kills in Single Turn 2 | . 1 1 1 1 . 2 . 1 2 2 1 2 2 . 1 . . 1 2 . Gunslinging 1 | . . . . . . . . . . . . 1 . . . . . . . . Exploded 2 | . . . . . . . . . . . . . . . . . . . 2 . Melee 1 | . . . . . . 1 . . 1 . . . . . . . . . . . Uniques/NPCs Destroyed . | . . . . . . . . . . . . . . . . . . . . . Combat | -11 -10 -10 -10 -7 -7 -5 -5 -5 -5 -5 -5 -5 -4 -4 -4 -4 -4 -3 -3 -2 -------- Run | Yrd Mat Min Sub Rec Scr Fac Was Fac Ext Cet Arc Hub Fac Was Fac Upp Upp Res Arm Res Hostile Shots Fired 1652 | . 22 . 82 93 . 49 4 7 248 23 39 211 169 . 134 14 . 144 275 138 Missed 579 | . 2 . 26 34 . 9 . 2 86 5 13 58 59 . 58 5 . 70 110 42 Damage Taken 22265 | . 207 . 759 380 . 850 206 154 3616 591 663 2856 2012 . 2075 187 . 1445 3978 2286 Core 4601 | . 23 . 93 116 . 109 53 . 319 23 28 224 668 . 317 25 . 560 582 1461 Absorbed by Shields 323 | . . . . . . . . . 323 . . . . . . . . . . . Redirected to Shielding 106 | . . . 17 26 . . . . . . . 51 12 . . . . . . . Ignored by Resistances 218 | . . . . . . . . . . . . . 218 . . . . . . . Regen/Repaired (Parts) 466 | . . . . . . . 11 5 388 . . . 62 . . . . . . . Core Remaining (%) 31 | 100 . . . . 7 . . . . . . 24 . . . . 12 . 12 . Volleys Fired 502 | . 20 4 97 25 1 19 1 7 82 22 48 71 23 . 25 . . 8 36 13 Largest 2 | . 2 2 2 2 1 2 2 2 2 2 2 2 2 . 2 . . 1 2 1 Hottest 240 | . 40 55 119 59 . 106 80 87 114 114 70 70 66 . 186 . . 98 240 120 Shots Fired 836 | . 40 8 138 38 1 38 2 13 164 42 93 141 31 . 26 . . 8 40 13 Gun 429 | . 40 5 10 22 . . 2 9 55 . 93 141 31 . 21 . . . . . Cannon 384 | . . 3 128 16 . 38 . 4 109 42 . . . . 2 . . 8 21 13 Launcher 19 | . . . . . . . . . . . . . . . . . . . 19 . Special 4 | . . . . . 1 . . . . . . . . . 3 . . . . . Kinetic 737 | . 40 8 120 38 . 38 . 13 164 42 93 141 31 . . . . . . 9 Thermal 76 | . . . 18 . . . 2 . . . . . . . 23 . . 8 21 4 Explosive . | . . . . . . . . . . . . . . . . . . . . . Electromagnetic 19 | . . . . . . . . . . . . . . . . . . . 19 . Robot Hit Streak 22 | . 6 6 12 5 4 12 . 7 22 5 10 16 6 . 5 . . 3 6 11 Robot Miss Streak 7 | . 4 1 3 3 . 4 . 1 7 7 4 4 2 . 3 . . . 3 1 Penetration Max 2 | . . . . . . . . . 2 1 1 1 1 . . . . . . . Secondary Targets 3 | . . . . . . . . . . . . 2 1 . . . . . . . Max Gunslinging Chain 1 | . . . . . . . . . . . . 1 1 . . . . . . . Shots Hit Robots 472 | . 22 4 43 23 1 54 . 9 93 14 53 89 15 . 17 . . 3 20 12 Core Hits 252 | . 10 3 19 8 . 50 1 5 47 9 21 43 12 . 3 . . 2 16 3 Critical Kills 24 | . 1 . . . . . . . 6 5 4 6 1 . . . . . 1 . Critical Parts Destroyed 23 | . . . . . . . . . 10 5 5 3 . . . . . . . . Critical Strikes 71 | . 1 . 2 1 . 1 . . 27 12 10 10 1 . 2 . . . 1 3 Burn 2 | . . . . . . . . . . . . . . . 2 . . . . . Meltdown 1 | . . . . . . . . . . . . . . . . . . . 1 . Destroy 51 | . 1 . . . . . . . 17 12 10 10 1 . . . . . . . Blast 16 | . . . 2 1 . . . . 10 . . . . . . . . . . 3 Impale 1 | . . . . . . 1 . . . . . . . . . . . . . . Melee Attacks 21 | . . . . . . 21 . . . . . . . . . . . . . . Impact . | . . . . . . . . . . . . . . . . . . . . . Slashing . | . . . . . . . . . . . . . . . . . . . . . Piercing 21 | . . . . . . 21 . . . . . . . . . . . . . . Sneak Attacks 5 | . . . . . . 5 . . . . . . . . . . . . . . Combat Hostiles . | . . . . . . . . . . . . . . . . . . . . . Follow-up Attacks . | . . . . . . . . . . . . . . . . . . . . . Damage Inflicted 15188 | . 243 85 1008 454 . 1770 26 213 3701 468 1483 2601 417 . 396 . . 129 1755 439 Guns 6811 | . 243 34 33 194 . . 26 166 1257 . 1483 2601 412 . 362 . . . . . Cannons 6372 | . . 51 975 260 . 1046 . 47 2444 468 . . . . 34 . . 121 491 435 Explosions 1166 | . . . . . . . . . . . . . . . . . . . 1166 . Melee 724 | . . . . . . 724 . . . . . . . . . . . . . . Ramming 115 | . . . . . . . . . . . . . 5 . . . . 8 98 4 Kinetic 11618 | . 243 85 650 454 . 1046 . 213 3701 468 1483 2601 412 . . . . . . 262 Thermal 1637 | . . . 358 . . . 26 . . . . . . . 396 . . 121 563 173 Explosive . | . . . . . . . . . . . . . . . . . . . . . Electromagnetic 1094 | . . . . . . . . . . . . . . . . . . . 1094 . Impact . | . . . . . . . . . . . . . . . . . . . . . Slashing . | . . . . . . . . . . . . . . . . . . . . . Piercing 724 | . . . . . . 724 . . . . . . . . . . . . . . Highest Corruption 53 | . . . . . . 5 5 8 11 16 16 3 1 8 9 9 9 9 53 . Average Corruption 10 | . . . . . . 2 5 5 8 14 11 1 1 5 8 9 9 7 29 . Corruption Purged 16 | . . . . . . . . . . . 16 . . . . . . . . . Corruption Blocked . | . . . . . . . . . . . . . . . . . . . . . Effects 204 | . . . . . . 5 12 14 49 17 23 . . 1 27 7 . 5 44 . Message Errors 45 | . . . . . . 3 3 4 8 4 3 . . . 8 2 . 1 9 . Matter Fused 48 | . . . . . . . 2 3 11 5 8 . . 1 4 2 . 2 10 . Heat Flow Errors 24 | . . . . . . 1 1 1 8 1 2 . . . 7 . . 1 2 . Energy Discharges 20 | . . . . . . . . . 6 1 3 . . . 3 1 . . 6 . Parts Fused 3 | . . . . . . . 2 . . . . . . . 1 . . . . . Data Loss (minor) 24 | . . . . . . . 3 3 4 4 3 . . . 2 2 . 1 2 . Data Loss (major) 6 | . . . . . . . 1 1 2 . . . . . 2 . . . . . Misfires 6 | . . . . . . . . . 5 . . . . . . . . . 1 . Alerts 4 | . . . . . . 1 . 2 1 . . . . . . . . . . . Misdirections 14 | . . . . . . . . . . . 1 . . . . . . . 13 . Weapon Failures 10 | . . . . . . . . . 4 2 3 . . . . . . . 1 . Overload Shots . | . . . . . . . . . . . . . . . . . . . . . Overflow Damage 169 | . . 7 6 . . 82 . . 17 13 . . . . . . . . 40 4 Projectiles 69 | . . 7 6 . . . . . 17 13 . . . . . . . . 22 4 Explosions 18 | . . . . . . . . . . . . . . . . . . . 18 . Melee 82 | . . . . . . 82 . . . . . . . . . . . . . . Knockbacks 38 | . . . 4 . . 10 . . 21 . . . 1 . . . . . . 2 Impact 1 | . . . . . . . . . . . . . 1 . . . . . . . Kinetic 34 | . . . 4 . . 10 . . 18 . . . . . . . . . . 2 Secondary 3 | . . . . . . . . . 3 . . . . . . . . . . . Self-Inflicted Damage 356 | . . . . . . . . . . . . . 2 . . . . 4 349 1 Shots 10 | . . . . . . . . . . . . . . . . . . . 10 . Rammed 11 | . . . . . . . . . . . . . 2 . . . . 2 5 2 Targets Rammed 12 | . . . . . . . . . . . . . 2 . . . . 2 6 2 Kicked 1 | . . . . . . . . . . . . . . . . . . . 1 . Crushed . | . . . . . . . . . . . . . . . . . . . . . Highest Temperature 300 | . 24 . 21 162 . 300 101 167 253 256 131 11 3 . 258 . . 210 225 178 Average Temperature 59 | . 7 . 6 58 . 85 61 85 57 162 55 5 2 . 57 . . 125 93 88 Received Heat Transfer 3307 | . 90 . 138 54 . 144 . . 704 . 63 480 234 . 240 30 . 141 647 342 Siege Activations . | . . . . . . . . . . . . . . . . . . . . . Robots Corrupted 4 | . . . . . . . . . . . . . . . . . . . 4 . Combat Hostiles 4 | . . . . . . . . . . . . . . . . . . . 4 . Parts Fried 9 | . . . . . . . . . . . . . . . . . . . 9 . Impact Corruptions . | . . . . . . . . . . . . . . . . . . . . . Robots Melted 2 | . . . . . . . . . . . . . . . 1 . . . 1 . Combat Hostiles 2 | . . . . . . . . . . . . . . . 1 . . . 1 . Parts Melted 3 | . . . . . . . . . . . . . . . 1 . . . 2 . Heat Transferred 2136 | . . . 481 . . . 74 . . . . . . . 900 . . 150 383 148 Parts Sabotaged . | . . . . . . . . . . . . . . . . . . . . . Parts Stolen . | . . . . . . . . . . . . . . . . . . . . . Parts Stripped . | . . . . . . . . . . . . . . . . . . . . . Power Chain Reactions 1 | . . . . . . . . . . . . . . . . . . . 1 . Alert | -11 -10 -10 -10 -7 -7 -5 -5 -5 -5 -5 -5 -5 -4 -4 -4 -4 -4 -3 -3 -2 ------- Run | Yrd Mat Min Sub Rec Scr Fac Was Fac Ext Cet Arc Hub Fac Was Fac Upp Upp Res Arm Res Peak Influence 1587 | . 195 66 . 28 . 248 38 912 1587 997 571 607 486 170 175 . . 344 505 482 Initial 880 | . . 3 . . . . 3 . 427 880 398 131 252 170 119 . . 51 180 249 Average 299 | . 40 5 . 6 . 75 17 607 804 966 485 378 279 170 86 . . 141 274 330 Maximum Alert Level 4 | . . . . . . 1 . 3 4 3 2 2 2 . . . . 1 2 2 Low Security (%) 51 | 100 100 100 . 100 . 94 100 6 . . . 8 14 100 100 . . 74 11 1 Level 1 18 | . . . . . . 5 . . . . 31 40 83 . . . . 25 76 82 Level 2 19 | . . . . . . . . 67 59 . 68 51 2 . . . . . 12 16 Level 3 6 | . . . . . . . . 25 11 100 . . . . . . . . . . Level 4 4 | . . . . . . . . . 28 . . . . . . . . . . . Level 5 . | . . . . . . . . . . . . . . . . . . . . . High Security . | . . . . . . . . . . . . . . . . . . . . . Max Security . | . . . . . . . . . . . . . . . . . . . . . Squads Dispatched 41 | . 1 . . . . 4 . 3 8 . . 6 6 . 5 . . 1 5 2 Investigation 9 | . . . . . . . . 1 1 . . 1 3 . . . . 1 1 1 Extermination 7 | . . . . . . 1 . 1 . . . 1 1 . 1 . . . 1 1 Reinforcement 14 | . 1 . . . . . . . 2 . . 3 2 . 3 . . . 3 . Assault 6 | . . . . . . . . 1 5 . . . . . . . . . . . Garrison 5 | . . . . . . 3 . . . . . 1 . . 1 . . . . . Intercept . | . . . . . . . . . . . . . . . . . . . . . Searches Triggered . | . . . . . . . . . . . . . . . . . . . . . Construction Impeded 5 | . . . . . . . . . 2 . . 1 1 . 1 . . . . . Haulers Reinforced 1 | . . . . . . . . . . . . 1 . . . . . . . . Active Scanning Responses . | . . . . . . . . . . . . . . . . . . . . . Cargo Convoy Interrupts . | . . . . . . . . . . . . . . . . . . . . . Stealth | -11 -10 -10 -10 -7 -7 -5 -5 -5 -5 -5 -5 -5 -4 -4 -4 -4 -4 -3 -3 -2 --------- Run | Yrd Mat Min Sub Rec Scr Fac Was Fac Ext Cet Arc Hub Fac Was Fac Upp Upp Res Arm Res Distress Signals 22 | . 3 . . 1 . . . . . 2 . 4 . . 2 . . 3 2 5 Communications Jammed . | . . . . . . . . . . . . . . . . . . . . . Distress Signals . | . . . . . . . . . . . . . . . . . . . . . Times Spotted 360 | . 11 1 18 2 . 13 9 14 69 10 23 31 32 5 20 3 . 28 46 25 Peak Tracking Total 22 | . 4 1 6 1 . 3 6 5 11 5 2 6 12 6 14 3 . 15 22 14 Tactical Retreats 43 | . 3 . 1 . . 1 1 1 9 . . 2 5 . 3 . . 7 4 6 Traps | -11 -10 -10 -10 -7 -7 -5 -5 -5 -5 -5 -5 -5 -4 -4 -4 -4 -4 -3 -3 -2 ------- Run | Yrd Mat Min Sub Rec Scr Fac Was Fac Ext Cet Arc Hub Fac Was Fac Upp Upp Res Arm Res Traps Triggered 10 | . . . . . . 2 . 1 2 . . . 2 . 1 . . 1 1 . Indirectly . | . . . . . . . . . . . . . . . . . . . . . Trap Hack Attempts . | . . . . . . . . . . . . . . . . . . . . . Triggered . | . . . . . . . . . . . . . . . . . . . . . Disarmed . | . . . . . . . . . . . . . . . . . . . . . Reprogrammed . | . . . . . . . . . . . . . . . . . . . . . Reused . | . . . . . . . . . . . . . . . . . . . . . Traps Extracted . | . . . . . . . . . . . . . . . . . . . . . Installed . | . . . . . . . . . . . . . . . . . . . . . Triggered 4 | . . . 3 . . . . . . . . . . . . . . . 1 . Machines | -11 -10 -10 -10 -7 -7 -5 -5 -5 -5 -5 -5 -5 -4 -4 -4 -4 -4 -3 -3 -2 ---------- Run | Yrd Mat Min Sub Rec Scr Fac Was Fac Ext Cet Arc Hub Fac Was Fac Upp Upp Res Arm Res Machines Disabled 29 | . . . 1 . . 2 . 2 5 . 4 5 2 . 1 . . . 7 . Max in Single Turn 2 | . . . 1 . . . . 1 1 . 1 2 1 . 1 . . . 1 . Machines Repaired . | . . . . . . . . . . . . . . . . . . . . . Machines Dismantled . | . . . . . . . . . . . . . . . . . . . . . Machines Sabotaged . | . . . . . . . . . . . . . . . . . . . . . Overloaded Fab Kills . | . . . . . . . . . . . . . . . . . . . . . Hacking | -11 -10 -10 -10 -7 -7 -5 -5 -5 -5 -5 -5 -5 -4 -4 -4 -4 -4 -3 -3 -2 --------- Run | Yrd Mat Min Sub Rec Scr Fac Was Fac Ext Cet Arc Hub Fac Was Fac Upp Upp Res Arm Res Machines Accessed 24 | . 1 . 2 1 2 1 . 1 5 . . 2 5 . . . . 1 2 1 Terminals 15 | . 1 . . . . 1 . 1 5 . . 2 2 . . . . 1 1 1 Fabricators 1 | . . . . . . . . . . . . . 1 . . . . . . . Repair Stations 1 | . . . . . . . . . . . . . 1 . . . . . . . Recycling Units 2 | . . . . 1 . . . . . . . . . . . . . . 1 . Scanalyzers 1 | . . . . . . . . . . . . . 1 . . . . . . . Garrison Access . | . . . . . . . . . . . . . . . . . . . . . Total Hacks 76 | . 1 . 4 2 21 1 . 2 11 . . 5 16 . . . . 5 4 4 Successful 40 | . . . 4 2 21 . . 1 2 . . 3 6 . . . . . 1 . Failed 36 | . 1 . . . . 1 . 1 9 . . 2 10 . . . . 5 3 4 Catastrophic 9 | . 1 . . . . . . . 1 . . . 3 . . . . 3 . 1 Database Lockouts . | . . . . . . . . . . . . . . . . . . . . . Manual 17 | . 1 . . 1 . . . . . . . 1 2 . . . . 5 3 4 Terminals 35 | . 1 . . . . 1 . 2 11 . . 5 5 . . . . 5 1 4 Fabricators 4 | . . . . . . . . . . . . . 4 . . . . . . . Repair Stations 4 | . . . . . . . . . . . . . 4 . . . . . . . Recycling Units 5 | . . . . 2 . . . . . . . . . . . . . . 3 . Scanalyzers 3 | . . . . . . . . . . . . . 3 . . . . . . . Garrison Access . | . . . . . . . . . . . . . . . . . . . . . Terminal Hacks 32 | . . . 4 . 21 . . 1 2 . . 2 1 . . . . . 1 . Record 24 | . . . 3 . 21 . . . . . . . . . . . . . . . Open Door 3 | . . . . . . . . . 2 . . . . . . . . . 1 . Branch Access Points 1 | . . . . . . . . 1 . . . . . . . . . . . . Fabricator Index 1 | . . . . . . . . . . . . . 1 . . . . . . . Alert Level 1 | . . . . . . . . . . . . 1 . . . . . . . . Zone Layout 1 | . . . . . . . . . . . . 1 . . . . . . . . Derelict Proto ID Bank 1 | . . . 1 . . . . . . . . . . . . . . . . . Fabricator Hacks 1 | . . . . . . . . . . . . . 1 . . . . . . . Load Schematic 1 | . . . . . . . . . . . . . 1 . . . . . . . Repair Station Hacks 2 | . . . . . . . . . . . . . 2 . . . . . . . Scan Component 1 | . . . . . . . . . . . . . 1 . . . . . . . Repair 1 | . . . . . . . . . . . . . 1 . . . . . . . Recycling Unit Hacks 1 | . . . . 1 . . . . . . . . . . . . . . . . Retrieve Components 1 | . . . . 1 . . . . . . . . . . . . . . . . Scanalyzer 2 | . . . . . . . . . . . . . 2 . . . . . . . Insert Component 1 | . . . . . . . . . . . . . 1 . . . . . . . Analyze 1 | . . . . . . . . . . . . . 1 . . . . . . . Garrison Access Hacks . | . . . . . . . . . . . . . . . . . . . . . Unauthorized Hacks 2 | . . . . 1 . . . . . . . 1 . . . . . . . . Terminals 1 | . . . . . . . . . . . . 1 . . . . . . . . Sabotage 1 | . . . . . . . . . . . . 1 . . . . . . . . Fabricators . | . . . . . . . . . . . . . . . . . . . . . Repair Stations . | . . . . . . . . . . . . . . . . . . . . . Recycling Units 1 | . . . . 1 . . . . . . . . . . . . . . . . Mask 1 | . . . . 1 . . . . . . . . . . . . . . . . Scanalyzers . | . . . . . . . . . . . . . . . . . . . . . Garrison Access . | . . . . . . . . . . . . . . . . . . . . . Data Cores Recovered . | . . . . . . . . . . . . . . . . . . . . . Used . | . . . . . . . . . . . . . . . . . . . . . Hacking Detections 15 | . 1 . . . . 1 . 1 4 . . 1 4 . . . . 1 1 1 Full Trace Events 7 | . . . . . . . . . 1 . . . 3 . . . . 1 1 1 Feedback Events 1 | . . . . . . . . . . . . . . . . . . . 1 . Corruption 1 | . . . . . . . . . . . . . . . . . . . 1 . Feedback Blocked . | . . . . . . . . . . . . . . . . . . . . . Robot Schematics Acquired . | . . . . . . . . . . . . . . . . . . . . . Robots Built . | . . . . . . . . . . . . . . . . . . . . . Authchips . | . . . . . . . . . . . . . . . . . . . . . Time . | . . . . . . . . . . . . . . . . . . . . . Total Robot Build Rating . | . . . . . . . . . . . . . . . . . . . . . Part Schematics Acquired 1 | . . . . . . . . . . . . . 1 . . . . . . . Parts Built . | . . . . . . . . . . . . . . . . . . . . . Authchips . | . . . . . . . . . . . . . . . . . . . . . Time . | . . . . . . . . . . . . . . . . . . . . . Total Part Build Rating . | . . . . . . . . . . . . . . . . . . . . . Parts Repaired 1 | . . . . . . . . . . . . . 1 . . . . . . . Time 31 | . . . . . . . . . . . . . 31 . . . . . . . Parts Recycled . | . . . . . . . . . . . . . . . . . . . . . Recycled Matter . | . . . . . . . . . . . . . . . . . . . . . Retrieved Matter . | . . . . . . . . . . . . . . . . . . . . . Retrieved Components 1 | . . . . 1 . . . . . . . . . . . . . . . . Parts Scanalyzed 1 | . . . . . . . . . . . . . 1 . . . . . . . Part Schematics Acquired 1 | . . . . . . . . . . . . . 1 . . . . . . . Parts Damaged . | . . . . . . . . . . . . . . . . . . . . . Bothacking | -11 -10 -10 -10 -7 -7 -5 -5 -5 -5 -5 -5 -5 -4 -4 -4 -4 -4 -3 -3 -2 ------------ Run | Yrd Mat Min Sub Rec Scr Fac Was Fac Ext Cet Arc Hub Fac Was Fac Upp Upp Res Arm Res Used RIF Installer . | . . . . . . . . . . . . . . . . . . . . . Robots Hacked 2 | . . . . . . . . . . . . . . . 2 . . . . . Non-combat 2 | . . . . . . . . . . . . . . . 2 . . . . . Combat . | . . . . . . . . . . . . . . . . . . . . . Robot Hacks Applied 2 | . . . . . . . . . . . . . . . 2 . . . . . no_distress 1 | . . . . . . . . . . . . . . . 1 . . . . . find_recycling 1 | . . . . . . . . . . . . . . . 1 . . . . . Relay Couplers Released 4 | . . . . . . . . . . . . 4 . . . . . . . . Programmers 4 | . . . . . . . . . . . . 4 . . . . . . . . Fabnet Peak Effective % . | . . . . . . . . . . . . . . . . . . . . . Robots Rewired 20 | . . . . . . . . . 16 . . . . . . . . . 4 . Allies Hacked . | . . . . . . . . . . . . . . . . . . . . . Hacks Repelled . | . . . . . . . . . . . . . . . . . . . . . Allies | -11 -10 -10 -10 -7 -7 -5 -5 -5 -5 -5 -5 -5 -4 -4 -4 -4 -4 -3 -3 -2 -------- Run | Yrd Mat Min Sub Rec Scr Fac Was Fac Ext Cet Arc Hub Fac Was Fac Upp Upp Res Arm Res Total Allies 51 | . . 4 . . 1 . 20 3 19 . . . . . . . . . 4 . Largest Group 19 | . . 4 3 . 1 1 19 16 19 3 . . . . . . . . 4 . Highest-Rated Group 684 | . . 71 40 . 72 72 684 605 621 220 . . . . . . . . 168 . Highest-Rated Ally 159 | . . 31 16 . 72 72 50 50 159 151 . . . . . . . . 42 . Total Orders 2 | . . . . . . . 1 . 1 . . . . . . . . . . . STAY 2 | . . . . . . . 1 . 1 . . . . . . . . . . . Ally Attacks 473 | . . 6 3 . . 16 67 77 246 30 . . . . . . . . 28 . Total Damage 12964 | . . 73 48 . . 601 2963 2620 5497 514 . . . . . . . . 648 . Kills 81 | . . 2 . . . 2 8 20 45 3 . . . . . . . . 1 . Allies Corrupted 4 | . . . . . . . . 1 3 . . . . . . . . . . . Allies Melted 2 | . . . . . . . . . . . . . . . . . . . 2 . Intel | -11 -10 -10 -10 -7 -7 -5 -5 -5 -5 -5 -5 -5 -4 -4 -4 -4 -4 -3 -3 -2 ------- Run | Yrd Mat Min Sub Rec Scr Fac Was Fac Ext Cet Arc Hub Fac Was Fac Upp Upp Res Arm Res Robot Analysis Total . | . . . . . . . . . . . . . . . . . . . . . Derelict Logs Recovered 4 | . . 1 1 . . . . . . . . . . . . 2 . . . . Drone Launches . | . . . . . . . . . . . . . . . . . . . . . Drone Recoveries . | . . . . . . . . . . . . . . . . . . . . . Exploration | -11 -10 -10 -10 -7 -7 -5 -5 -5 -5 -5 -5 -5 -4 -4 -4 -4 -4 -3 -3 -2 ------------- Run | Yrd Mat Min Sub Rec Scr Fac Was Fac Ext Cet Arc Hub Fac Was Fac Upp Upp Res Arm Res Turns Passed 17833 | 97 606 807 2968 891 4676 877 619 430 1500 361 564 520 735 46 724 222 30 271 636 253 Spaces Moved 10691 | 58 338 475 1556 467 2408 523 502 242 705 208 148 154 679 76 530 409 60 393 460 300 Core 3480 | 6 . . 425 94 1607 . 120 . . . . . 70 70 149 404 60 252 74 149 Treads 2160 | 52 338 475 775 . . 80 233 36 . . . . . . . . . . 171 . Legs 2469 | . . . . . 434 119 . 206 705 208 148 114 130 6 381 5 . . 13 . Wheels 1273 | . . . 356 373 367 83 . . . . . 39 55 . . . . . . . Hover 1134 | . . . . . . 241 149 . . . . 1 424 . . . . . 202 117 Flight 175 | . . . . . . . . . . . . . . . . . . 141 . 34 Fastest Speed 37 | 50 160 160 100 115 50 44 48 133 123 126 126 120 50 50 50 50 50 40 37 40 Average Speed 138 | 148 160 160 173 173 190 118 106 140 131 129 126 160 78 57 115 51 50 54 88 52 Slowest Speed 450 | 160 160 160 250 450 400 310 160 155 140 133 126 400 340 140 140 120 50 200 215 150 Overloaded Moves . | . . . . . . . . . . . . . . . . . . . . . Propulsion Burnouts . | . . . . . . . . . . . . . . . . . . . . . Robots Hopped 6 | . . . . . . . . . . . . . . . . . . 6 . . Cave-ins Triggered . | . . . . . . . . . . . . . . . . . . . . . Exploration Rate (%) 47 | 4 52 97 68 83 87 7 95 12 89 69 82 21 19 69 20 64 15 13 24 12 Regions Visited 20 Branch Regions 11 Pre-discovered Areas 5 | . . . 1 . 4 . . . . . . . . . . . . . . . Known Exits Taken 5 | . . . . . . . . 1 . . . 1 . . . 1 1 . 1 . Unknown Exits Taken 11 | 1 1 1 1 1 1 . . . 1 1 1 . . . 1 . . 1 . . Scrap Searched 14 | . . 3 5 . 4 . . . . . . . . . . 2 . . . . Spaces Dug 23 | . . . 3 1 . 1 . 2 . . . 8 1 . . . . 2 5 . Terrain Destroyed 150 | . . . 9 6 . 1 . 3 31 17 12 46 1 . 4 . . 4 15 1 Melee 1 | . . . . . . 1 . . . . . . . . . . . . . . Projectile 142 | . . . 9 6 . . . 3 31 17 12 46 1 . 4 . . 4 8 1 AOE 7 | . . . . . . . . . . . . . . . . . . . 7 . Terrain Rammed . | . . . . . . . . . . . . . . . . . . . . . Walls Destroyed . | . . . . . . . . . . . . . . . . . . . . . Machines Disabled . | . . . . . . . . . . . . . . . . . . . . . Actions | -11 -10 -10 -10 -7 -7 -5 -5 -5 -5 -5 -5 -5 -4 -4 -4 -4 -4 -3 -3 -2 --------- Run | Yrd Mat Min Sub Rec Scr Fac Was Fac Ext Cet Arc Hub Fac Was Fac Upp Upp Res Arm Res Total 12824 | 66 368 516 1698 513 2504 696 586 318 1111 257 430 285 848 77 618 418 59 436 637 383 Wait 1009 | . . 28 24 11 36 80 57 41 218 3 221 32 104 . 34 . . 27 40 53 Move 10662 | 57 337 474 1555 466 2407 523 501 241 704 207 147 153 679 75 529 408 59 381 459 300 Hop 5 | . . . . . . . . . . . . . . . . . . 5 . . Pick Up 111 | 3 6 2 8 2 30 7 4 6 10 4 2 6 7 . 4 1 . 2 7 . Fast Attach 164 | 6 2 2 2 2 4 22 9 10 14 9 5 10 12 2 13 5 . 2 28 5 Attach 56 | . . . 4 2 5 5 . 1 4 . . 7 8 . 2 2 . 4 8 4 Detach 22 | . 1 . . . 1 1 . 2 1 . . 2 2 . 1 . . 4 3 4 Swap 20 | . . 1 1 1 1 3 1 1 5 1 1 . . . . . . . 4 . Drop 146 | . 2 5 7 4 19 15 13 9 12 11 6 4 11 . 10 2 . 1 13 2 Fire 502 | . 20 4 97 25 1 19 1 7 82 22 48 71 23 . 25 . . 8 36 13 Melee 21 | . . . . . . 21 . . . . . . . . . . . . . . Ram 11 | . . . . . . . . . . . . . 2 . . . . 2 5 2 Kick 1 | . . . . . . . . . . . . . . . . . . . 1 . Crush . | . . . . . . . . . . . . . . . . . . . . . Escape Stasis . | . . . . . . . . . . . . . . . . . . . . . Rewire 94 | . . . . . . . . . 61 . . . . . . . . . 33 . Trap . | . . . . . . . . . . . . . . . . . . . . . Miscellaneous . | . . . . . . . . . . . . . . . . . . . . . Route ------- -11/Scrapyard -10/Materials (discovered 2 exits: [*Mat] / [*Min]) -10/Mines (discovered 4 exits: [*Mat x2] / [*Exi] / *Sub) -10/Subcaves (discovered 3 exits: [*Mat x2] / *Rec) -7/Recycling (discovered 2 exits: *Fac / *Scr) -7/Scraptown -5/Factory (discovered 5 exits: *Fac x2 / Upp x2 / Ext) -5/Waste -5/Factory (discovered 4 exits: Upp x2 / *Ext x2) -5/Extension (discovered 2 exits: *Fac / [*Cet]) -5/Cetus (discovered 2 exits: *Fac / [*Arc]) -5/Archives (discovered 3 exits: *Fac / *Hub x2) -5/Hub_04(d) (discovered 2 exits: *Fac x2) -4/Factory (discovered 2 exits: Res x2) -4/Waste -4/Factory -4/Upper Caves -4/Upper Caves (discovered 2 exits: *Res / Zhi) -3/Research (discovered 3 exits: Res x2 / *Arm) -3/Armory -2/Research History --------- Turn | Location | Event 4 | -11/Scrapyard | Discovered new exit (range 15) 98 | -11/Scrapyard | Entered Materials 302 | -10/Materials | Build established: Mutant 384 | -10/Materials | Discovered new exit (range 8) 621 | -10/Materials | Discovered new exit (range 8) 704 | -10/Materials | Entered Mines 719 | -10/Mines | Met a Derelict bent on vengeance 720 | -10/Mines | Assisted by bots powering up and referring to "LRC-V3" 736 | -10/Mines | Discovered new exit (range 10) 1038 | -10/Mines | Found a hidden stash of uninstalled traps 1075 | -10/Mines | Discovered new exit (range 11) 1155 | -10/Mines | Received a Mining Laser from a helpful Derelict 1182 | -10/Mines | Deemed a non-threat by the Exiles lab entrance 1182 | -10/Mines | Discovered new exit (range 5) 1461 | -10/Mines | A weapon hastily lodged in a ceiling crevice suddenly fell to the ground 1500 | -10/Mines | Discovered new exit (range 3) 1511 | -10/Mines | Entered Subcaves 1511 | -10/Subcaves | Accompanied by 3 allies 1515 | -10/Subcaves | Learned Materials trap positions 1517 | -10/Subcaves | Ambushed by Subdwellers from Twisted Machinery 1551 | -10/Subcaves | Lost 3 allies 1839 | -10/Subcaves | Discovered new exit (range 6) 2367 | -10/Subcaves | Visited 4L-MR0's lab 2501 | -10/Subcaves | A swath of the cavern ceiling suddenly collapsed 2649 | -10/Subcaves | Learned location of Zion (-7) 2649 | -10/Subcaves | Met a Zionite searching for "candidates" 2766 | -10/Subcaves | Discovered new exit (range 10) 2789 | -10/Subcaves | Visited Clippyterm 2793 | -10/Subcaves | Learned Factory stockpile data 3489 | -10/Subcaves | Found Rainbow Chip 4470 | -10/Subcaves | Discovered new exit (range 6) 4479 | -10/Subcaves | Entered Recycling 4763 | -7/Recycling | Core integrity fell below 50% 5294 | -7/Recycling | Discovered new exit (range 5) 5301 | -7/Recycling | Core integrity fell below 20% 5341 | -7/Recycling | Scanned before Scraplab entrance 5358 | -7/Recycling | Entered Scraplab 5367 | -7/Recycling | Discovered new exit (range 3) 5370 | -7/Recycling | Entered Scraptown 5409 | -7/Scraptown | Visited Comm Corps 5424 | -7/Scraptown | Heard Great Nut preacher, LISTEN AND RECITE! 5428 | -7/Scraptown | Visited Shadow of the Wyrm 5446 | -7/Scraptown | Visited Symbiants 5461 | -7/Scraptown | Visited Spacefarers 5477 | -7/Scraptown | Visited IN-MT5's Study 5493 | -7/Scraptown | Visited The Evicted 5529 | -7/Scraptown | Visited Fellowship of the Rings 5553 | -7/Scraptown | Visited UFD Registry 5553 | -7/Scraptown | Registered with UFD as "Gaussslicer" 5592 | -7/Scraptown | Visited Cartography Club 5616 | -7/Scraptown | Visited Curators Association 5639 | -7/Scraptown | Visited Botcube Research 5659 | -7/Scraptown | Visited Modified Component R&D 5681 | -7/Scraptown | Visited Supply Room 5699 | -7/Scraptown | Visited Junk Repository 5713 | -7/Scraptown | Visited Scrapoid Research Area 5731 | -7/Scraptown | Visited Abandonware Association 5750 | -7/Scraptown | Visited Supply Room 5795 | -7/Scraptown | Released all parts (6) 5821 | -7/Scraptown | Found Surveybot 17 Chip 5836 | -7/Scraptown | Found Deep Structural Scanner 5848 | -7/Scraptown | Learned location of Warlord (-5) 5848 | -7/Scraptown | Learned location of Hub_04(d) (-5) 5848 | -7/Scraptown | Learned 24 Factory zone layouts 5848 | -7/Scraptown | Learned 8 Research zone layouts 5848 | -7/Scraptown | Learned 16 Research zone layouts 5848 | -7/Scraptown | Learned 24 Proximity Caves zone layouts 5848 | -7/Scraptown | Learned 4 Hub_04(d) zone layouts 5848 | -7/Scraptown | Learned Materials emergency access door positions 5848 | -7/Scraptown | Learned location of 1 exit from Factory 5848 | -7/Scraptown | Learned location of 3 exits from Lower Caves 5848 | -7/Scraptown | Learned location of 2 exits from Upper Caves 6069 | -7/Scraptown | Visited Infowarlord's Domain 6439 | -7/Scraptown | Learned abandonware demo "REVENGE.EXE" 6439 | -7/Scraptown | Learned abandonware demo "KABOOM.EXE" 6943 | -7/Scraptown | Discovered new exit (range 11) 7476 | -7/Scraptown | Found Botcube 7758 | -7/Scraptown | Found Scrap Suit 7934 | -7/Scraptown | Found Exp. Terrain Scanner 9013 | -7/Scraptown | Botcube activated 9033 | -7/Scraptown | Botcube completed mutation into wheeled form, armed with 2 guns. 10046 | -7/Scraptown | Entered Factory 10046 | -5/Factory | Accompanied by 1 ally 10046 | -5/Factory | Evolved 10 slots: Power x1, Propulsion x5, Utility x4 10047 | -5/Factory | Identified exit to Upper Caves 10048 | -5/Factory | Identified exit to Factory 10049 | -5/Factory | Identified exit to Extension 10357 | -5/Factory | Garrison activated, responded to threat 10405 | -5/Factory | Found Botcube 10757 | -5/Factory | Lost 4 parts (1p2n1u) 10923 | -5/Factory | Sucked down chute 10923 | -5/Factory | Entered Waste 10939 | -5/Waste | Spotted C-40 Crusher 10961 | -5/Waste | Spotted C-40 Crusher 10973 | -5/Waste | Spotted C-40 Crusher 10974 | -5/Waste | Spotted C-40 Crusher 10977 | -5/Waste | Crushed by Compactor (1 part destroyed, 2 dropped) 10980 | -5/Waste | Crushed by Compactor (1 part destroyed, 2 dropped) 10984 | -5/Waste | Crushed by Compactor (1 part destroyed, 1 dropped) 10999 | -5/Waste | Spotted C-40 Crusher 11001 | -5/Waste | Spotted C-40 Crusher 11004 | -5/Waste | Crushed by Compactor (1 part destroyed, 2 dropped) 11011 | -5/Waste | Found Imp. Powered Armor 11026 | -5/Waste | Warlord forces began an assault 11035 | -5/Waste | Lost 6 parts (4n2u) 11073 | -5/Waste | Allies destroyed C-40 Crusher 11075 | -5/Waste | Allies destroyed C-40 Crusher 11075 | -5/Waste | Allies destroyed C-40 Crusher 11078 | -5/Waste | Allies destroyed C-40 Crusher 11104 | -5/Waste | Lost 3 allies 11113 | -5/Waste | Discovered new exit (range 15) 11182 | -5/Waste | Found Damper Plating 11330 | -5/Waste | Found Prototype Device 11330 | -5/Waste | Identified Exp. EM Disruption Field 11427 | -5/Waste | Botcube activated 11433 | -5/Waste | Botcube completed mutation into wheeled form (unarmed). 11542 | -5/Waste | Entered Factory 11542 | -5/Factory | Accompanied by 16 allies 11630 | -5/Factory | Lost 3 allies 11842 | -5/Factory | First assault squad dispatched 11886 | -5/Factory | Build established: Hacker-Mutant 11921 | -5/Factory | Allied Derelicts emerged from ambush trap array 11972 | -5/Factory | Entered Extension 11972 | -5/Extension | Accompanied by 11 allies 12314 | -5/Extension | Rescued a captive Derelict 12316 | -5/Extension | Rescued a captive Derelict 12490 | -5/Extension | Build established: Commander-Mutant 12572 | -5/Extension | First assault squad dispatched 12625 | -5/Extension | Spotted B-75 Beast 12642 | -5/Extension | Allies destroyed B-75 Beast 12647 | -5/Extension | Spotted B-75 Beast 12729 | -5/Extension | Lost 16 allies 12750 | -5/Extension | Destroyed B-75 Beast 12779 | -5/Extension | Lost 5 parts (1p3u1w) 12889 | -5/Extension | Rescued A7 13022 | -5/Extension | Disrupted transfer network 13188 | -5/Extension | System corruption reached 10% 13217 | -5/Extension | P-70 Sage assimilated allied NM-SCH(l) 13249 | -5/Extension | Lost 3 allies 13270 | -5/Extension | Discovered exit to Factory (range 10) 13271 | -5/Extension | Discovered new exit (range 6) 13472 | -5/Extension | Entered Cetus 13472 | -5/Cetus | Accompanied by 3 allies (A7) 13477 | -5/Cetus | Acquired a Cetus Manufacturing Module code from A7 13486 | -5/Cetus | Spotted Cetus Guard 13486 | -5/Cetus | Spotted Cetus Guard 13487 | -5/Cetus | Destroyed Cetus Guard 13488 | -5/Cetus | Spotted Cetus Guard 13488 | -5/Cetus | Spotted Cetus Guard 13506 | -5/Cetus | Destroyed Cetus Guard 13508 | -5/Cetus | Allies destroyed Cetus Guard 13518 | -5/Cetus | Extracted ID and sensor layout for unrecognized location from A7's data core 13537 | -5/Cetus | Build established: Hacker-Mutant 13618 | -5/Cetus | Discovered new exit (range 21) 13653 | -5/Cetus | Spotted Cetus Guard 13653 | -5/Cetus | Spotted Cetus Guard 13656 | -5/Cetus | Spotted Cetus Guard 13656 | -5/Cetus | Spotted Cetus Guard 13656 | -5/Cetus | Allies destroyed Cetus Guard 13667 | -5/Cetus | Core integrity fell below 50% 13668 | -5/Cetus | Destroyed Cetus Guard 13680 | -5/Cetus | Destroyed Cetus Guard 13689 | -5/Cetus | Destroyed Cetus Guard 13699 | -5/Cetus | Discovered exit to Factory (range 21) 13715 | -5/Cetus | Met Revision 17 13833 | -5/Cetus | Entered Archives 13852 | -5/Archives | Build established: Scavenger-Mutant 13980 | -5/Archives | Discovered new exit (range 22) 14238 | -5/Archives | Discovered new exit (range 22) 14335 | -5/Archives | Discovered exit to Factory (range 14) 14397 | -5/Archives | Entered Hub_04(d) 14596 | -5/Hub_04(d) | Lost 6 parts (3n2u1w) 14856 | -5/Hub_04(d) | Garrison activated, responded to threat 14882 | -5/Hub_04(d) | Lost 4 parts (1p1u2w) 14886 | -5/Hub_04(d) | Discovered exit to Factory (range 9) 14917 | -5/Hub_04(d) | Entered Factory 14917 | -4/Factory | Evolved 2 slots: Utility x2 14918 | -4/Factory | Identified exit to Research 14947 | -4/Factory | Lost 3 parts (1p2w) 15487 | -4/Factory | Spotted B-86 Titan 15499 | -4/Factory | Repaired Lgt. Antimatter Reactor? 15611 | -4/Factory | Released all parts (6) 15626 | -4/Factory | Core integrity fell below 50% 15630 | -4/Factory | Lost 6 parts (2p1n3u) 15652 | -4/Factory | Sucked down chute 15652 | -4/Factory | Entered Waste 15657 | -4/Waste | Spotted C-40 Crusher 15667 | -4/Waste | EMP discharged 15673 | -4/Waste | Spotted C-40 Crusher 15683 | -4/Waste | Spotted C-40 Crusher 15683 | -4/Waste | Spotted C-40 Crusher 15684 | -4/Waste | Spotted C-40 Crusher 15689 | -4/Waste | Discovered new exit (range 16) 15698 | -4/Waste | Entered Factory 15881 | -4/Factory | Build established: Mutant 16040 | -4/Factory | Garrison activated, responded to threat 16332 | -4/Factory | Spotted B-86 Titan 16348 | -4/Factory | Spotted B-86 Titan 16403 | -4/Factory | Discovered new exit (range 28) 16415 | -4/Factory | Core integrity fell below 20% 16422 | -4/Factory | Entered Upper Caves 16423 | -4/Upper Caves | Identified exit to Upper Caves 16465 | -4/Upper Caves | Encountered a Warlord checkpoint 16471 | -4/Upper Caves | Learned Research trap positions 16644 | -4/Upper Caves | Entered another Upper Caves area 16645 | -4/Upper Caves | Identified exit to Zhirov 16671 | -4/Upper Caves | Discovered exit to Research (range 4) 16674 | -4/Upper Caves | Entered Research 16674 | -3/Research | Evolved 2 slots: Propulsion x1, Utility x1 16675 | -3/Research | Identified exit to Research 16676 | -3/Research | Loaded intel: 82 trap records 16808 | -3/Research | Lost 4 parts (2n2u) 16874 | -3/Research | Revision forces began assault on 0b10 16920 | -3/Research | Lost 5 parts (2n3u) 16927 | -3/Research | Discovered new exit (range 15) 16935 | -3/Research | Spotted B-86 Titan 16945 | -3/Research | Entered Armory 17119 | -3/Armory | Core integrity fell below 50% 17132 | -3/Armory | Found Prototype Launcher 17132 | -3/Armory | Identified Tesla Bomb Launcher 17137 | -3/Armory | Found Tesla Bomb Launcher 17141 | -3/Armory | System corruption reached 10% 17195 | -3/Armory | Found Tesla Bomb Launcher 17212 | -3/Armory | System corruption reached 30% 17499 | -3/Armory | Spotted B-86 Titan 17511 | -3/Armory | Build established: Scavenger-Mutant 17567 | -3/Armory | Core integrity fell below 20% 17578 | -3/Armory | Discovered exit to Research (range 5) 17581 | -3/Armory | Entered Research 17581 | -2/Research | Evolved 2 slots: Utility x2 17604 | -2/Research | Spotted B-90 Cyclops 17607 | -2/Research | Lost 12 parts (2p3n5u2w) 17618 | -2/Research | Spotted B-90 Cyclops 17652 | -2/Research | Core integrity fell below 50% 17665 | -2/Research | Lost 10 parts (2p5n3u) 17681 | -2/Research | Found Prototype Device 17681 | -2/Research | Identified Exp. Force Field 17811 | -2/Research | Lost 3 parts (1p1n1w) 17820 | -2/Research | Core integrity fell below 20% 17834 | -2/Research | Destroyed by G-73 Enforcer with Phase Gun Last Messages --------------- 17792_ Connecting with Terminal... 17792_ ALERT: Suspicious activity at Terminal R005. Dispatching Investigation squad. 17796_ ALERT: Security rotation in progress. 17819_ Slug penetrates Wall. 17822_ Penetrated by Slug. 17822_ Slug penetrates Wall. 17825_ Penetrated by Slug. 17825_ H-88 Terminator KE Penetrator blasted off. 17825_ H-88 Terminator knocked back. 17826_ Penetrated by Slug. 17826_ Slug penetrates Wall. 17827_ H-88 Terminator knocked back. 17828_ Penetrated by Slug. 17829_ H-88 Terminator Biometal Leg blasted off. 17830_ Penetrated by Slug. 17831_ ALERT: Rogue bot located, Programmers report to Research Zone 6N. 17831_ Penetrated by Slug. 17833_ Acquired 5 matter. 17833_ Penetrated by Slug. Map ----- +----------------------------------------------------+ | ??????????????????????????????????????????? | | ??????????????????????????????????????????? | | ??????????????????????????????????????????? | | ??????????????????????????????????????????? | | ??????????????????????????????????????????? | | ??????????????????????????????????????????? | | ??????????????????????????????????????????? | | ??????????????????????????????????????????? | | ??????????????????????????????????????????? | | ??????????????????????????????????????????? | | ??????????????????????????????????????????? | | ??????????????????????????????????????????? | | ??????????????????????????????????????????? | | ??????????????????????????????????????????? | | ??????????????????????????????????????????? | | ???????????########???????????????????????? | | ???????????# #???????????????????????? | | ???????????# #???????????????????????? | | ???????????# #???????????????????????? | | ???#####???# [ #???????????????????????? | | ???# ??# %#???????????????????????? | | ???# !! ??# % #???????????????????????? | | ???# !! ?####+###???????????????????????? | | ???# #### [ ######### ##???????????? | | ???# + hh R R ?????????? | | ???# # @ ####????????????????? | | ???########+### % #?????#####?????????? | | ??????#]! # g t#### #?????????? | | ??????#! + gg + !!=#?????????? | | ??????# # ##### # !]=#?????????? | | ??????######### #???# #?? !]=#?????????? | | ??????????????# #???# #???? #?????????? | | ????????????? #???# #??????#?????????? | | ???????????? #???# #?????##?????????? | | ?????????? #???# #????? ??????????? | | ?????????#########+#???# #???? #??????????? | | ???????????????????????# ##### #??????????? | | ???????????????????????# T +??????????? | | ???????????????????????# #??????????? | | ???????????????????????# #??????????? | | ???????????????????????# +??????????? | | ???????????????????????# #??????????? | | ???????????????????????# #??????????? | | ???????????????????????# #??????????? | | ???????????????????????# #######??????????? | | ???????????????????????# #????????????????? | | ???????????????????????# #????????????????? | | ???????????????????????# #????????????????? | | ???????????????????????# ################## | | ???????????????????????# + # # | +----------------------------------------------------+ Best States ------------- Heat Dissipation 115 Energy Generation 45 Energy Capacity 1280 Matter Stores 300 Matter Capacity 300 Sight Range 22 Robot Scan Range 15 Terrain Scan Range 30 Terrain Scan Density 210 Base Temperature (-) 200 Armor Coverage 1680 Resistance: TH 30 Resistance: EM 90 Core Shielding 20 Propulsion Shielding 33 Utility Shielding 66 Weapon Shielding 66 Evasion (%) 62 Targeting Accuracy 6 Melee Accuracy 5 Target Analysis 8 Core Analysis 6 Recoil Reduction 8 Particle Charging 25 Kinecelleration 40 Offensive Hacking 24 Defensive Hacking 11 Item Schematics ----------------- Cld. Gravmag System | -4/Factory | Scanalyzed Robot Schematics ------------------ None Fabricated ------------ Nothing Alien Tech Used ----------------- None Achievements -------------- None Challenges ------------ None Game ------ Seed SubatomicSmartbombGuard Manual? 0 Play Time 02:04:24 Cumulative 236.9 hours Start 2024.08.14 @ 09:49:24 End 2024.08.14 @ 17:40:56 Sessions 3 Manual Loads 0 Difficulty Rogue Special Mode None Game No. 247 Rogue 211 Adventurer 36 Explorer 0 Win Type - Total 10 Types 3/0/7/0/0/0/0/0/0 Lore% 61 Gallery% 81 Achievement% 71 Wizard Run 0 Options --------- Layout 0 ASCII 0 Keyboard 0 Movement Mouse Keybinds 0 Fullscreen 1 Font 18/SmallcapsGlow Map View 76x50 Zoom Use 0% Tactical HUD 1 Map Filters NONE Filters NONE Steam 1 RUN: 48bb2806-e161-40a7-8dc9-b53fcab035a4